Connexion

Marlies vs Rampage

Created - 3 mars 2024 at 06:30

Goals
1 2 3 OT1 T
Marlies 3 1 2 0 6
Rampage 1 2 3 1 7
Shots
1 2 3 OT1 T
Marlies 18 9 9 0 36
Rampage 2 12 16 6 36

GoalsPenalties
1st period
1. Marlies , Max McCormick 29 (Dominik Simon 32, Ian McCoshen 26) at 1:18
2. Marlies , Loui Eriksson 25 (Calle Sjalin 9, Tim Schaller 34) at 2:08
3. Marlies , Brad Malone 19 (Kristian Vesalainen 25, Victor Ejdsell 15) at 14:00
4. Rampage , Josh Brown 4 (Jayson Megna 19) at 18:55 (PP)
Sam Carrick (SAN) for Tripping (Minor) at 2:39
Tyler Lewington (TOR) for Holding (Minor) at 17:07
2nd period
5. Marlies , Tim Schaller 23 (Tyler Lewington 28) at 12:07
6. Rampage , Josh Leivo 15 (Michael Sgarbossa 43, Dean Kukan 1) at 15:34
7. Rampage , Josh Brown 5 (Nick Ritchie 18, Curtis McKenzie 26) at 19:51
Steven Kampfer (SAN) for Roughing (Minor) at 8:54
3rd period
8. Rampage , Dmytro Timashov 6 (Joey Anderson 33, Robert Hagg 60) at 5:29
9. Marlies , Max McCormick 30 (Mathias Brome 17, Ian McCoshen 27) at 9:01
10. Rampage , Curtis McKenzie 28 (Jayson Megna 20, Josh Brown 32) at 9:28
11. Marlies , Dominik Simon 29 (Max McCormick 46, Brad Malone 36) at 9:43
12. Rampage , Joey Anderson 27 (Robert Hagg 61, Steven Kampfer 26) at 11:39
Mitchell Heard (TOR) for Tripping (Minor) at 13:53
Overtime #1
13. Rampage , Dmytro Timashov 7 (Michael Sgarbossa 44, Josh Brown 33) at 3:06
No Penalty
Goalie Stats
Erik Kallgren (TOR), 29 saves from 36 shots - (0,806), OTL, 25-23-2, 63:07 minutes
Adam Werner (SAN), 30 saves from 36 shots - (0,833), W, 31-22-7, 63:07 minutes
3 StarsOfficial
1 - Josh Brown (SAN)
2 - Max McCormick (TOR)
3 - Dmytro Timashov (SAN)
Referees : Kyle Rehman and Kelly Sutherland
Linesman : Ryan Galloway and Brian Murphy
Game Note
No Game Note
Finance
Level 1 -- Attendance: 1320 (66,00%) -- Ticket Income $55,440
Level 2 -- Attendance: 932 (93,20%) -- Ticket Income $16,776
Total Attendance: 2252 (75,07%)
Total Ticket Income: $72,216
Other Income: $14,443
Total Income: $86,659



Team Name Goals Shots Shots Attemp Shots Blocked PIM HIT PP PK FO%
Marlies 6366484340 / 2 (0%)146%
Rampage 7367464191 / 2 (50%)054%

Marlies
Player Name POS G A P +/- PIM HIT SHT SB MP PP MP PP SHT PK MP PK SHT FO% FOT
Brad Malone C/LW1120053026:301:2502:34068% 22
Cal O'ReillyC0000011022:021:4501:00048% 27
Calle SjalinD0111001214:410:0000:3900% 0
Calvin De HaanD0000030225:272:1302:0200% 0
Dominik SimonC/LW/RW112-2014016:312:1301:00050% 4
Ian McCoshenD0220011326:101:4002:0200% 0
Josh WesleyD0000010120:311:4501:4500% 0
Kristian VesalainenLW/RW0111004013:010:0000:4600% 1
Loui ErikssonLW/RW1010025021:021:4500:00067% 3
Mathias Brome LW011100109:160:0000:0000% 0
Max McCormickC/LW2130026024:542:1312:0100% 1
Mitchell HeardC000123009:150:0000:00038% 16
Skyler McKenzieLW000000001:160:0000:0000% 0
Tim McGauleyC000-100003:150:4800:0000% 1
Tim SchallerC/LW/RW1120046023:091:4500:13050% 4
Tyler LewingtonD011-1240021:421:4501:0600% 0
Victor EjdsellC0111034012:150:0000:00025% 16
Yegor RykovD0001040014:350:3300:0000% 0
Rampage
Player Name POS G A P +/- PIM HIT SHT SB MP PP MP PP SHT PK MP PK SHT FO% FOT
Chris TierneyC000-1002024:370:5101:59063% 41
Curtis McKenzieC/LW/RW1121013021:492:3101:39059% 22
Dean KukanD011-1011014:530:4700:0000% 0
Dmytro TimashovLW2020034024:190:0000:0000% 1
Erik Gudbranson D000-1030215:290:4700:3600% 0
Hudson FaschingRW000000005:011:1600:20050% 2
Jayson MegnaRW0221004017:482:0910:000100% 1
Joey AndersonRW112-1014119:470:0000:0000% 1
Joseph LabateLW000000003:571:3802:1900% 0
Josh BrownD2242013122:162:1712:2000% 0
Josh LeivoRW101-1012113:240:0000:00050% 2
Michael SgarbossaC0220003014:310:0000:00033% 15
Nick HoldenD0001000021:152:1702:4300% 0
Nick RitchieLW0111023019:272:0901:39033% 3
Richard PanikLW/RW000-1052014:110:4700:0000% 0
Robert HaggD022-1012024:150:4301:3800% 0
Sam CarrickC000020203:240:0000:00043% 7
Steven KampferD011-1201124:580:4300:3900% 0



Play-by-Play

1st period


0:01 of 1st period - Brad Malone wins face-off versus Joey Anderson in neutral zone.
0:06 of 1st period - Shot by Max McCormick.
0:06 of 1st period - Stopped by Adam Werner without a rebound.
0:07 of 1st period - Curtis McKenzie wins face-off versus Cal O'Reilly in Rampage zone.
0:07 of 1st period - Curtis McKenzie is hit by Tim Schaller.
1:18 of 1st period - Shot by Max McCormick.
1:18 of 1st period - Goal by Max McCormick - Marlies : 1 - Rampage : 0.
1:19 of 1st period - Victor Ejdsell wins face-off versus Michael Sgarbossa in neutral zone.
1:38 of 1st period - Shot by Kristian Vesalainen.
1:38 of 1st period - Stopped by Adam Werner without a rebound.
1:39 of 1st period - Chris Tierney wins face-off versus Mitchell Heard in Rampage zone.
1:48 of 1st period - Robert Hagg is hit by Mitchell Heard and loses puck.
2:00 of 1st period - Off-side.
2:01 of 1st period - Cal O'Reilly wins face-off versus Michael Sgarbossa in neutral zone.
2:08 of 1st period - Shot by Loui Eriksson.
2:08 of 1st period - Goal by Loui Eriksson - Marlies : 2 - Rampage : 0.
2:09 of 1st period - Hudson Fasching wins face-off versus Brad Malone in neutral zone.
2:11 of 1st period - Steven Kampfer is hit by Max McCormick and loses puck.
2:39 of 1st period - Minor Penalty to Sam Carrick for Tripping.
2:40 of 1st period - Chris Tierney wins face-off versus Cal O'Reilly in Rampage zone.
2:40 of 1st period - Chris Tierney is hit by Loui Eriksson.
2:46 of 1st period - Shot by Josh Wesley.
2:46 of 1st period - Shot Misses the Net.
2:57 of 1st period - Icing by Cal O'Reilly.
2:58 of 1st period - Cal O'Reilly wins face-off versus Chris Tierney in Marlies zone.
5:02 of 1st period - Icing by Dean Kukan.
5:03 of 1st period - Mitchell Heard wins face-off versus Hudson Fasching in Rampage zone.
5:24 of 1st period - Shot by Dean Kukan.
5:24 of 1st period - Stopped by Erik Kallgren without a rebound.
5:25 of 1st period - Michael Sgarbossa wins face-off versus Cal O'Reilly in Marlies zone.
5:27 of 1st period - Josh Leivo is hit by Tyler Lewington and loses puck.
5:34 of 1st period - Shot by Loui Eriksson.
5:34 of 1st period - Deflect By Cal O'Reilly.
5:34 of 1st period - Shot Misses the Net.
5:36 of 1st period - Shot by Josh Wesley.
5:36 of 1st period - Shot Misses the Net.
5:44 of 1st period - Shot by Tim Schaller.
5:44 of 1st period - Stopped by Adam Werner without a rebound.
5:45 of 1st period - Curtis McKenzie wins face-off versus Victor Ejdsell in Rampage zone.
5:45 of 1st period - Jayson Megna is hit by Victor Ejdsell and loses puck.
5:54 of 1st period - Shot by Kristian Vesalainen.
5:54 of 1st period - Stopped by Adam Werner with a rebound.
6:42 of 1st period - Icing by Robert Hagg.
6:43 of 1st period - Chris Tierney wins face-off versus Cal O'Reilly in Rampage zone.
7:03 of 1st period - Icing by Josh Wesley.
7:04 of 1st period - Cal O'Reilly wins face-off versus Michael Sgarbossa in Marlies zone.
7:22 of 1st period - Shot by Cal O'Reilly.
7:22 of 1st period - Shot Misses the Net.
8:04 of 1st period - Shot by Mathias Brome .
8:04 of 1st period - Shot Misses the Net.
8:06 of 1st period - Shot by Calle Sjalin.
8:06 of 1st period - Stopped by Adam Werner without a rebound.
8:07 of 1st period - Chris Tierney wins face-off versus Kristian Vesalainen in Rampage zone.
8:25 of 1st period - Shot by Brad Malone .
8:25 of 1st period - Shot Misses the Net.
8:37 of 1st period - Shot by Brad Malone .
8:37 of 1st period - Stopped by Adam Werner with a rebound.
8:49 of 1st period - Shot by Dmytro Timashov.
8:49 of 1st period - Shot Misses the Net.
10:02 of 1st period - Mathias Brome is hit by Richard Panik and loses puck.
10:12 of 1st period - Max McCormick is hit by Erik Gudbranson and loses puck.
10:44 of 1st period - Victor Ejdsell is hit by Erik Gudbranson and loses puck.
10:51 of 1st period - Shot by Victor Ejdsell.
10:51 of 1st period - Stopped by Adam Werner without a rebound.
10:52 of 1st period - Cal O'Reilly wins face-off versus Sam Carrick in Rampage zone.
10:53 of 1st period - Shot by Tim Schaller.
10:53 of 1st period - Shot Misses the Net.
11:24 of 1st period - Icing by Robert Hagg.
11:25 of 1st period - Brad Malone wins face-off versus Sam Carrick in Rampage zone.
11:26 of 1st period - Shot by Max McCormick.
11:26 of 1st period - Stopped by Adam Werner without a rebound.
11:27 of 1st period - Curtis McKenzie wins face-off versus Max McCormick in Rampage zone.
11:31 of 1st period - Josh Brown is hit by Brad Malone and loses puck.
11:44 of 1st period - Shot by Brad Malone .
11:44 of 1st period - Stopped by Adam Werner with a rebound.
11:46 of 1st period - Shot by Brad Malone .
11:46 of 1st period - Shot Misses the Net.
13:58 of 1st period - Shot by Kristian Vesalainen.
13:58 of 1st period - Shot Blocked by Erik Gudbranson .
14:00 of 1st period - Shot by Brad Malone .
14:00 of 1st period - Goal by Brad Malone - Marlies : 3 - Rampage : 0.
14:01 of 1st period - Jayson Megna wins face-off versus Victor Ejdsell in neutral zone.
14:01 of 1st period - Josh Brown is hit by Victor Ejdsell and loses puck.
14:12 of 1st period - Shot by Kristian Vesalainen.
14:12 of 1st period - Stopped by Adam Werner without a rebound.
14:13 of 1st period - Cal O'Reilly wins face-off versus Chris Tierney in Rampage zone.
14:16 of 1st period - Shot by Loui Eriksson.
14:16 of 1st period - Stopped by Adam Werner without a rebound.
14:17 of 1st period - Chris Tierney wins face-off versus Cal O'Reilly in Rampage zone.
14:17 of 1st period - Chris Tierney is hit by Loui Eriksson.
14:31 of 1st period - Shot by Joey Anderson.
14:31 of 1st period - Shot Misses the Net.
16:37 of 1st period - Icing by Joey Anderson.
16:38 of 1st period - Chris Tierney wins face-off versus Mitchell Heard in Rampage zone.
16:38 of 1st period - Chris Tierney is hit by Mitchell Heard.
17:07 of 1st period - Minor Penalty to Tyler Lewington for Holding.
17:08 of 1st period - Brad Malone wins face-off versus Curtis McKenzie in Marlies zone.
17:16 of 1st period - Off-side.
17:17 of 1st period - Brad Malone wins face-off versus Curtis McKenzie in neutral zone.
18:55 of 1st period - Shot by Josh Brown.
18:55 of 1st period - Goal by Josh Brown - Marlies : 3 - Rampage : 1.
18:56 of 1st period - Cal O'Reilly wins face-off versus Michael Sgarbossa in neutral zone.
18:59 of 1st period - Nick Holden is hit by Cal O'Reilly and loses puck.
19:03 of 1st period - Icing by Josh Brown.
19:04 of 1st period - Cal O'Reilly wins face-off versus Michael Sgarbossa in Rampage zone.
19:05 of 1st period - Shot by Loui Eriksson.
19:05 of 1st period - Stopped by Adam Werner without a rebound.
19:06 of 1st period - Cal O'Reilly wins face-off versus Michael Sgarbossa in Rampage zone.
19:15 of 1st period - Shot by Tim Schaller.
19:15 of 1st period - Deflect By Loui Eriksson.
19:15 of 1st period - Shot Blocked by Josh Leivo.
19:17 of 1st period - Shot by Cal O'Reilly.
19:17 of 1st period - Shot Misses the Net.
19:19 of 1st period - Shot by Loui Eriksson.
19:19 of 1st period - Stopped by Adam Werner with a rebound.
19:21 of 1st period - Shot by Tim Schaller.
19:21 of 1st period - Stopped by Adam Werner without a rebound.
19:22 of 1st period - Brad Malone wins face-off versus Curtis McKenzie in Rampage zone.
19:57 of 1st period - Shot by Dominik Simon.
19:57 of 1st period - Stopped by Adam Werner without a rebound.
19:58 of 1st period - Chris Tierney wins face-off versus Cal O'Reilly in Rampage zone.
19:58 of 1st period - Chris Tierney is hit by Tim Schaller.
Goals for this period are 3 for Marlies vs 1 for Rampage.
Shots for this period are 18 for Marlies vs 2 for Rampage.

2nd period


0:01 of 2nd period - Brad Malone wins face-off versus Chris Tierney in neutral zone.
0:04 of 2nd period - Dmytro Timashov is hit by Dominik Simon and loses puck.
0:28 of 2nd period - Icing by Robert Hagg.
0:29 of 2nd period - Cal O'Reilly wins face-off versus Chris Tierney in Rampage zone.
0:38 of 2nd period - Shot by Cal O'Reilly.
0:38 of 2nd period - Stopped by Adam Werner with a rebound.
0:42 of 2nd period - Shot by Tim Schaller.
0:42 of 2nd period - Shot Misses the Net.
1:28 of 2nd period - Shot by Dominik Simon.
1:28 of 2nd period - Stopped by Adam Werner with a rebound.
1:50 of 2nd period - Shot by Brad Malone .
1:50 of 2nd period - Shot Misses the Net.
2:00 of 2nd period - Shot by Curtis McKenzie.
2:00 of 2nd period - Deflect By Jayson Megna.
2:00 of 2nd period - Stopped by Erik Kallgren without a rebound.
2:01 of 2nd period - Michael Sgarbossa wins face-off versus Mitchell Heard in Marlies zone.
2:01 of 2nd period - Michael Sgarbossa is hit by Yegor Rykov.
2:03 of 2nd period - Shot by Richard Panik.
2:03 of 2nd period - Stopped by Erik Kallgren without a rebound.
2:04 of 2nd period - Loui Eriksson wins face-off versus Michael Sgarbossa in Marlies zone.
2:04 of 2nd period - Loui Eriksson is hit by Richard Panik.
2:31 of 2nd period - Michael Sgarbossa is hit by Yegor Rykov and loses puck.
2:37 of 2nd period - Icing by Cal O'Reilly.
2:38 of 2nd period - Curtis McKenzie wins face-off versus Cal O'Reilly in Marlies zone.
2:38 of 2nd period - Jayson Megna is hit by Yegor Rykov and loses puck.
3:09 of 2nd period - Shot by Nick Ritchie.
3:09 of 2nd period - Shot Misses the Net.
3:11 of 2nd period - Shot by Curtis McKenzie.
3:11 of 2nd period - Shot Misses the Net.
3:26 of 2nd period - Icing by Tyler Lewington.
3:27 of 2nd period - Brad Malone wins face-off versus Chris Tierney in Marlies zone.
4:07 of 2nd period - Shot by Joey Anderson.
4:07 of 2nd period - Shot Misses the Net.
4:45 of 2nd period - Shot by Josh Leivo.
4:45 of 2nd period - Shot Blocked by Ian McCoshen.
5:04 of 2nd period - Shot by Richard Panik.
5:04 of 2nd period - Shot Misses the Net.
5:06 of 2nd period - Shot by Erik Gudbranson .
5:06 of 2nd period - Shot Misses the Net.
5:20 of 2nd period - Shot by Curtis McKenzie.
5:20 of 2nd period - Shot Misses the Net.
5:22 of 2nd period - Shot by Jayson Megna.
5:22 of 2nd period - Stopped by Erik Kallgren without a rebound.
5:23 of 2nd period - Brad Malone wins face-off versus Curtis McKenzie in Marlies zone.
5:25 of 2nd period - Icing by Dominik Simon.
5:26 of 2nd period - Brad Malone wins face-off versus Curtis McKenzie in Marlies zone.
5:26 of 2nd period - Brad Malone is hit by Nick Ritchie.
5:35 of 2nd period - Off-side.
5:36 of 2nd period - Brad Malone wins face-off versus Chris Tierney in neutral zone.
5:42 of 2nd period - Icing by Dmytro Timashov.
5:43 of 2nd period - Brad Malone wins face-off versus Chris Tierney in Rampage zone.
5:52 of 2nd period - Shot by Max McCormick.
5:52 of 2nd period - Shot Misses the Net.
6:12 of 2nd period - Shot by Joey Anderson.
6:12 of 2nd period - Stopped by Erik Kallgren without a rebound.
6:13 of 2nd period - Victor Ejdsell wins face-off versus Curtis McKenzie in Marlies zone.
6:34 of 2nd period - Shot by Victor Ejdsell.
6:34 of 2nd period - Stopped by Adam Werner with a rebound.
6:48 of 2nd period - Shot by Jayson Megna.
6:48 of 2nd period - Shot Misses the Net.
7:09 of 2nd period - Brad Malone is hit by Dmytro Timashov.
7:10 of 2nd period - Icing by Brad Malone .
7:11 of 2nd period - Chris Tierney wins face-off versus Victor Ejdsell in Marlies zone.
7:36 of 2nd period - Shot by Joey Anderson.
7:36 of 2nd period - Deflect By Dmytro Timashov.
7:36 of 2nd period - Shot Misses the Net.
7:40 of 2nd period - Shot by Joey Anderson.
7:40 of 2nd period - Stopped by Erik Kallgren without a rebound.
7:41 of 2nd period - Josh Leivo wins face-off versus Mitchell Heard in Marlies zone.
8:00 of 2nd period - Mathias Brome is hit by Richard Panik and loses puck.
8:09 of 2nd period - Shot by Richard Panik.
8:09 of 2nd period - Shot Misses the Net.
8:20 of 2nd period - Off-side.
8:21 of 2nd period - Chris Tierney wins face-off versus Cal O'Reilly in neutral zone.
8:21 of 2nd period - Steven Kampfer is hit by Tim Schaller and loses puck.
8:54 of 2nd period - Minor Penalty to Steven Kampfer for Roughing.
8:55 of 2nd period - Chris Tierney wins face-off versus Tim McGauley in Rampage zone.
9:14 of 2nd period - Shot by Max McCormick.
9:14 of 2nd period - Stopped by Adam Werner with a rebound.
10:36 of 2nd period - Shot by Chris Tierney.
10:36 of 2nd period - Shot Misses the Net.
10:59 of 2nd period - Nick Holden is hit by Victor Ejdsell and loses puck.
11:19 of 2nd period - Michael Sgarbossa is hit by Yegor Rykov and loses puck.
11:32 of 2nd period - Brad Malone is hit by Josh Leivo and loses puck.
11:47 of 2nd period - Shot by Sam Carrick.
11:47 of 2nd period - Stopped by Erik Kallgren without a rebound.
11:48 of 2nd period - Nick Ritchie wins face-off versus Cal O'Reilly in Marlies zone.
12:07 of 2nd period - Shot by Tim Schaller.
12:07 of 2nd period - Goal by Tim Schaller - Marlies : 4 - Rampage : 1.
12:08 of 2nd period - Mitchell Heard wins face-off versus Sam Carrick in neutral zone.
12:22 of 2nd period - Icing by Robert Hagg.
12:23 of 2nd period - Sam Carrick wins face-off versus Cal O'Reilly in Rampage zone.
12:42 of 2nd period - Icing by Josh Wesley.
12:43 of 2nd period - Curtis McKenzie wins face-off versus Cal O'Reilly in Marlies zone.
12:58 of 2nd period - Shot by Loui Eriksson.
12:58 of 2nd period - Stopped by Adam Werner without a rebound.
12:59 of 2nd period - Chris Tierney wins face-off versus Mitchell Heard in Rampage zone.
12:59 of 2nd period - Chris Tierney is hit by Mitchell Heard.
13:09 of 2nd period - Max McCormick is hit by Dmytro Timashov and loses puck.
13:16 of 2nd period - Chris Tierney is hit by Max McCormick and loses puck.
13:55 of 2nd period - Shot by Tim Schaller.
13:55 of 2nd period - Stopped by Adam Werner with a rebound.
14:21 of 2nd period - Shot by Tim Schaller.
14:21 of 2nd period - Stopped by Adam Werner without a rebound.
14:22 of 2nd period - Curtis McKenzie wins face-off versus Victor Ejdsell in Rampage zone.
14:22 of 2nd period - Robert Hagg is hit by Brad Malone and loses puck.
14:32 of 2nd period - Jayson Megna is hit by Tyler Lewington and loses puck.
14:47 of 2nd period - Shot by Brad Malone .
14:47 of 2nd period - Shot Misses the Net.
14:56 of 2nd period - Icing by Tyler Lewington.
14:57 of 2nd period - Michael Sgarbossa wins face-off versus Victor Ejdsell in Marlies zone.
15:00 of 2nd period - Shot by Michael Sgarbossa.
15:00 of 2nd period - Stopped by Erik Kallgren without a rebound.
15:01 of 2nd period - Cal O'Reilly wins face-off versus Michael Sgarbossa in Marlies zone.
15:01 of 2nd period - Cal O'Reilly is hit by Richard Panik.
15:25 of 2nd period - Dean Kukan is hit by Calvin De Haan and loses puck.
15:32 of 2nd period - Shot by Michael Sgarbossa.
15:32 of 2nd period - Stopped by Erik Kallgren with a rebound.
15:34 of 2nd period - Shot by Josh Leivo.
15:34 of 2nd period - Goal by Josh Leivo - Marlies : 4 - Rampage : 2.
15:35 of 2nd period - Chris Tierney wins face-off versus Brad Malone in neutral zone.
15:48 of 2nd period - Shot by Dominik Simon.
15:48 of 2nd period - Stopped by Adam Werner without a rebound.
15:49 of 2nd period - Curtis McKenzie wins face-off versus Victor Ejdsell in Rampage zone.
16:28 of 2nd period - Shot by Nick Ritchie.
16:28 of 2nd period - Stopped by Erik Kallgren with a rebound.
16:30 of 2nd period - Shot by Curtis McKenzie.
16:30 of 2nd period - Shot Misses the Net.
16:37 of 2nd period - Icing by Tyler Lewington.
16:38 of 2nd period - Chris Tierney wins face-off versus Victor Ejdsell in Marlies zone.
16:40 of 2nd period - Joey Anderson is hit by Josh Wesley and loses puck.
17:22 of 2nd period - Tim Schaller is hit by Joey Anderson and loses puck.
18:06 of 2nd period - Shot by Max McCormick.
18:06 of 2nd period - Shot Misses the Net.
18:29 of 2nd period - Shot by Mathias Brome .
18:29 of 2nd period - Shot Hit the Post.
18:42 of 2nd period - Icing by Erik Gudbranson .
18:43 of 2nd period - Brad Malone wins face-off versus Josh Leivo in Rampage zone.
19:19 of 2nd period - Shot by Nick Ritchie.
19:19 of 2nd period - Shot Blocked by Ian McCoshen.
19:25 of 2nd period - Shot by Jayson Megna.
19:25 of 2nd period - Shot Blocked by Ian McCoshen.
19:27 of 2nd period - Shot by Josh Brown.
19:27 of 2nd period - Shot Misses the Net.
19:45 of 2nd period - Shot by Curtis McKenzie.
19:45 of 2nd period - Shot Misses the Net.
19:49 of 2nd period - Shot by Josh Brown.
19:49 of 2nd period - Stopped by Erik Kallgren with a rebound.
19:51 of 2nd period - Shot by Josh Brown.
19:51 of 2nd period - Goal by Josh Brown - Marlies : 4 - Rampage : 3.
19:52 of 2nd period - Chris Tierney wins face-off versus Cal O'Reilly in neutral zone.
19:54 of 2nd period - Robert Hagg is hit by Tim Schaller and loses puck.
19:59 of 2nd period - Shot by Tim Schaller.
19:59 of 2nd period - Shot Blocked by Joey Anderson.
Goals for this period are 1 for Marlies vs 2 for Rampage.
Shots for this period are 9 for Marlies vs 12 for Rampage.

3rd period


0:01 of 3rd period - Dominik Simon wins face-off versus Chris Tierney in neutral zone.
0:27 of 3rd period - Chris Tierney is hit by Ian McCoshen and loses puck.
1:57 of 3rd period - Shot by Mitchell Heard.
1:57 of 3rd period - Deflect By Mathias Brome .
1:57 of 3rd period - Stopped by Adam Werner with a rebound.
2:07 of 3rd period - Shot by Max McCormick.
2:07 of 3rd period - Stopped by Adam Werner without a rebound.
2:08 of 3rd period - Chris Tierney wins face-off versus Victor Ejdsell in Rampage zone.
2:25 of 3rd period - Kristian Vesalainen is hit by Robert Hagg and loses puck.
3:06 of 3rd period - Shot by Tim Schaller.
3:06 of 3rd period - Stopped by Adam Werner without a rebound.
3:07 of 3rd period - Michael Sgarbossa wins face-off versus Mitchell Heard in Rampage zone.
3:21 of 3rd period - Josh Wesley is hit by Josh Brown and loses puck.
3:51 of 3rd period - Icing by Mitchell Heard.
3:52 of 3rd period - Mitchell Heard wins face-off versus Nick Ritchie in Marlies zone.
4:08 of 3rd period - Tim Schaller is hit by Dean Kukan and loses puck.
4:15 of 3rd period - Shot by Curtis McKenzie.
4:15 of 3rd period - Shot Misses the Net.
4:31 of 3rd period - Icing by Nick Ritchie.
4:32 of 3rd period - Curtis McKenzie wins face-off versus Victor Ejdsell in Rampage zone.
4:47 of 3rd period - Shot by Victor Ejdsell.
4:47 of 3rd period - Stopped by Adam Werner without a rebound.
4:48 of 3rd period - Chris Tierney wins face-off versus Victor Ejdsell in Rampage zone.
4:48 of 3rd period - Chris Tierney is hit by Brad Malone .
4:56 of 3rd period - Shot by Kristian Vesalainen.
4:56 of 3rd period - Stopped by Adam Werner with a rebound.
4:58 of 3rd period - Shot by Victor Ejdsell.
4:58 of 3rd period - Stopped by Adam Werner without a rebound.
4:59 of 3rd period - Sam Carrick wins face-off versus Loui Eriksson in Rampage zone.
5:08 of 3rd period - Shot by Sam Carrick.
5:08 of 3rd period - Stopped by Erik Kallgren without a rebound.
5:09 of 3rd period - Chris Tierney wins face-off versus Brad Malone in Marlies zone.
5:20 of 3rd period - Max McCormick is hit by Dmytro Timashov and loses puck.
5:27 of 3rd period - Shot by Joey Anderson.
5:27 of 3rd period - Stopped by Erik Kallgren with a rebound.
5:29 of 3rd period - Shot by Dmytro Timashov.
5:29 of 3rd period - Goal by Dmytro Timashov - Marlies : 4 - Rampage : 4.
5:30 of 3rd period - Loui Eriksson wins face-off versus Nick Ritchie in neutral zone.
6:20 of 3rd period - Curtis McKenzie is hit by Calvin De Haan and loses puck.
7:04 of 3rd period - Icing by Steven Kampfer.
7:05 of 3rd period - Chris Tierney wins face-off versus Victor Ejdsell in Rampage zone.
7:16 of 3rd period - Shot by Kristian Vesalainen.
7:16 of 3rd period - Shot Misses the Net.
7:46 of 3rd period - Shot by Josh Leivo.
7:46 of 3rd period - Shot Misses the Net.
7:48 of 3rd period - Shot by Michael Sgarbossa.
7:48 of 3rd period - Shot Blocked by Calle Sjalin.
7:50 of 3rd period - Shot by Michael Sgarbossa.
7:50 of 3rd period - Deflect By Richard Panik.
7:50 of 3rd period - Stopped by Erik Kallgren without a rebound.
7:51 of 3rd period - Curtis McKenzie wins face-off versus Cal O'Reilly in Marlies zone.
8:20 of 3rd period - Shot by Curtis McKenzie.
8:20 of 3rd period - Stopped by Erik Kallgren without a rebound.
8:21 of 3rd period - Mitchell Heard wins face-off versus Michael Sgarbossa in Marlies zone.
8:32 of 3rd period - Shot by Michael Sgarbossa.
8:32 of 3rd period - Stopped by Erik Kallgren without a rebound.
8:33 of 3rd period - Mitchell Heard wins face-off versus Dmytro Timashov in Marlies zone.
8:35 of 3rd period - Icing by Max McCormick.
8:36 of 3rd period - Chris Tierney wins face-off versus Mitchell Heard in Marlies zone.
8:45 of 3rd period - Shot by Calvin De Haan.
8:45 of 3rd period - Shot Misses the Net.
8:57 of 3rd period - Shot by Mathias Brome .
8:57 of 3rd period - Shot Misses the Net.
8:59 of 3rd period - Shot by Ian McCoshen.
8:59 of 3rd period - Shot Misses the Net.
9:01 of 3rd period - Shot by Mathias Brome .
9:01 of 3rd period - Deflect By Max McCormick.
9:01 of 3rd period - Goal by Max McCormick - Marlies : 5 - Rampage : 4.
9:02 of 3rd period - Cal O'Reilly wins face-off versus Curtis McKenzie in neutral zone.
9:11 of 3rd period - Tim Schaller is hit by Nick Ritchie and loses puck.
9:18 of 3rd period - Shot by Jayson Megna.
9:18 of 3rd period - Shot Misses the Net.
9:20 of 3rd period - Shot by Jayson Megna.
9:20 of 3rd period - Shot Misses the Net.
9:26 of 3rd period - Shot by Jayson Megna.
9:26 of 3rd period - Stopped by Erik Kallgren with a rebound.
9:28 of 3rd period - Shot by Curtis McKenzie.
9:28 of 3rd period - Goal by Curtis McKenzie - Marlies : 5 - Rampage : 5.
9:29 of 3rd period - Chris Tierney wins face-off versus Dominik Simon in neutral zone.
9:32 of 3rd period - Shot by Robert Hagg.
9:32 of 3rd period - Stopped by Erik Kallgren without a rebound.
9:33 of 3rd period - Brad Malone wins face-off versus Chris Tierney in Marlies zone.
9:37 of 3rd period - Off-side.
9:38 of 3rd period - Brad Malone wins face-off versus Chris Tierney in neutral zone.
9:43 of 3rd period - Shot by Dominik Simon.
9:43 of 3rd period - Goal by Dominik Simon - Marlies : 6 - Rampage : 5.
9:44 of 3rd period - Chris Tierney wins face-off versus Brad Malone in neutral zone.
10:00 of 3rd period - Icing by Dominik Simon.
10:01 of 3rd period - Brad Malone wins face-off versus Curtis McKenzie in Marlies zone.
10:01 of 3rd period - Brad Malone is hit by Curtis McKenzie.
10:15 of 3rd period - Icing by Nick Holden.
10:16 of 3rd period - Cal O'Reilly wins face-off versus Curtis McKenzie in Rampage zone.
10:33 of 3rd period - Shot by Curtis McKenzie.
10:33 of 3rd period - Shot Blocked by Josh Wesley.
10:39 of 3rd period - Shot by Tim Schaller.
10:39 of 3rd period - Shot Blocked by Josh Brown.
10:41 of 3rd period - Shot by Tim Schaller.
10:41 of 3rd period - Shot Misses the Net.
11:30 of 3rd period - Joey Anderson is hit by Calvin De Haan and loses puck.
11:39 of 3rd period - Shot by Joey Anderson.
11:39 of 3rd period - Goal by Joey Anderson - Marlies : 6 - Rampage : 6.
11:40 of 3rd period - Victor Ejdsell wins face-off versus Michael Sgarbossa in neutral zone.
11:55 of 3rd period - Brad Malone is hit by Richard Panik and loses puck.
12:03 of 3rd period - Calle Sjalin is hit by Erik Gudbranson and loses puck.
12:22 of 3rd period - Shot by Richard Panik.
12:22 of 3rd period - Shot Misses the Net.
12:31 of 3rd period - Off-side.
12:32 of 3rd period - Sam Carrick wins face-off versus Cal O'Reilly in neutral zone.
12:41 of 3rd period - Shot by Dmytro Timashov.
12:41 of 3rd period - Shot Misses the Net.
12:43 of 3rd period - Shot by Josh Brown.
12:43 of 3rd period - Deflect By Sam Carrick.
12:43 of 3rd period - Shot Blocked by Calvin De Haan.
12:45 of 3rd period - Shot by Dmytro Timashov.
12:45 of 3rd period - Stopped by Erik Kallgren without a rebound.
12:46 of 3rd period - Curtis McKenzie wins face-off versus Mitchell Heard in Marlies zone.
12:52 of 3rd period - Shot by Robert Hagg.
12:52 of 3rd period - Stopped by Erik Kallgren without a rebound.
12:53 of 3rd period - Cal O'Reilly wins face-off versus Chris Tierney in Marlies zone.
13:04 of 3rd period - Shot by Ian McCoshen.
13:04 of 3rd period - Stopped by Adam Werner with a rebound.
13:06 of 3rd period - Shot by Calvin De Haan.
13:06 of 3rd period - Shot Blocked by Steven Kampfer.
13:53 of 3rd period - Minor Penalty to Mitchell Heard for Tripping.
13:54 of 3rd period - Curtis McKenzie wins face-off versus Brad Malone in Marlies zone.
14:20 of 3rd period - Icing by Nick Ritchie.
14:21 of 3rd period - Curtis McKenzie wins face-off versus Brad Malone in Rampage zone.
14:21 of 3rd period - Curtis McKenzie is hit by Brad Malone .
14:40 of 3rd period - Shot by Jayson Megna.
14:40 of 3rd period - Stopped by Erik Kallgren without a rebound.
14:41 of 3rd period - Chris Tierney wins face-off versus Dominik Simon in Marlies zone.
14:43 of 3rd period - Joseph Labate is hit by Tyler Lewington.
15:39 of 3rd period - Shot by Kristian Vesalainen.
15:39 of 3rd period - Shot Misses the Net.
15:44 of 3rd period - Off-side.
15:45 of 3rd period - Chris Tierney wins face-off versus Brad Malone in neutral zone.
15:48 of 3rd period - Shot by Hudson Fasching.
15:48 of 3rd period - Shot Misses the Net.
16:08 of 3rd period - Shot by Michael Sgarbossa.
16:08 of 3rd period - Shot Misses the Net.
16:10 of 3rd period - Shot by Josh Leivo.
16:10 of 3rd period - Shot Misses the Net.
16:12 of 3rd period - Shot by Michael Sgarbossa.
16:12 of 3rd period - Shot Misses the Net.
16:14 of 3rd period - Shot by Michael Sgarbossa.
16:14 of 3rd period - Shot Misses the Net.
16:30 of 3rd period - Shot by Michael Sgarbossa.
16:30 of 3rd period - Shot Blocked by Calle Sjalin.
16:32 of 3rd period - Shot by Josh Leivo.
16:32 of 3rd period - Stopped by Erik Kallgren without a rebound.
16:33 of 3rd period - Mitchell Heard wins face-off versus Sam Carrick in Marlies zone.
16:57 of 3rd period - Icing by Mitchell Heard.
16:58 of 3rd period - Curtis McKenzie wins face-off versus Mitchell Heard in Marlies zone.
17:03 of 3rd period - Shot by Jayson Megna.
17:03 of 3rd period - Shot Blocked by Calvin De Haan.
17:31 of 3rd period - Shot by Nick Ritchie.
17:31 of 3rd period - Stopped by Erik Kallgren without a rebound.
17:32 of 3rd period - Victor Ejdsell wins face-off versus Chris Tierney in Marlies zone.
18:36 of 3rd period - Shot by Loui Eriksson.
18:36 of 3rd period - Shot Blocked by Erik Gudbranson .
19:07 of 3rd period - Erik Gudbranson is hit by Brad Malone and loses puck.
19:23 of 3rd period - Icing by Richard Panik.
19:24 of 3rd period - Michael Sgarbossa wins face-off versus Mitchell Heard in Rampage zone.
19:41 of 3rd period - Shot by Nick Ritchie.
19:41 of 3rd period - Stopped by Erik Kallgren without a rebound.
19:42 of 3rd period - Chris Tierney wins face-off versus Victor Ejdsell in Marlies zone.
Goals for this period are 2 for Marlies vs 3 for Rampage.
Shots for this period are 9 for Marlies vs 16 for Rampage.

Overtime #1


0:01 of 1st overtime period - Chris Tierney wins face-off versus Tim Schaller in neutral zone.
0:14 of 1st overtime period - Shot by Curtis McKenzie.
0:14 of 1st overtime period - Shot Misses the Net.
0:16 of 1st overtime period - Shot by Chris Tierney.
0:16 of 1st overtime period - Stopped by Erik Kallgren without a rebound.
0:17 of 1st overtime period - Chris Tierney wins face-off versus Tim Schaller in Marlies zone.
0:17 of 1st overtime period - Steven Kampfer is hit by Tyler Lewington and loses puck.
0:26 of 1st overtime period - Shot by Curtis McKenzie.
0:26 of 1st overtime period - Shot Misses the Net.
0:28 of 1st overtime period - Shot by Curtis McKenzie.
0:28 of 1st overtime period - Shot Misses the Net.
0:46 of 1st overtime period - Shot by Curtis McKenzie.
0:46 of 1st overtime period - Shot Misses the Net.
1:35 of 1st overtime period - Shot by Dmytro Timashov.
1:35 of 1st overtime period - Stopped by Erik Kallgren without a rebound.
1:36 of 1st overtime period - Dominik Simon wins face-off versus Chris Tierney in Marlies zone.
1:47 of 1st overtime period - Shot by Tim McGauley.
1:47 of 1st overtime period - Shot Misses the Net.
1:55 of 1st overtime period - Shot by Curtis McKenzie.
1:55 of 1st overtime period - Stopped by Erik Kallgren with a rebound.
1:57 of 1st overtime period - Shot by Steven Kampfer.
1:57 of 1st overtime period - Stopped by Erik Kallgren with a rebound.
1:59 of 1st overtime period - Shot by Chris Tierney.
1:59 of 1st overtime period - Stopped by Erik Kallgren without a rebound.
2:00 of 1st overtime period - Tim Schaller wins face-off versus Chris Tierney in Marlies zone.
2:02 of 1st overtime period - Icing by Ian McCoshen.
2:03 of 1st overtime period - Tim Schaller wins face-off versus Chris Tierney in Marlies zone.
3:06 of 1st overtime period - Shot by Dmytro Timashov.
3:06 of 1st overtime period - Goal by Dmytro Timashov - Marlies : 6 - Rampage : 7.
Goals for this period are 0 for Marlies vs 1 for Rampage.
Shots for this period are 0 for Marlies vs 6 for Rampage.